 Dungeon Crawl Stone Soup version 0.26-a0-542-gbaa144ba5c (webtiles) character file.

Game seed: 5818417511552243822

10567 Ge0ff the Arsonist (level 11, -24/86 HPs)
             Began as a Red Draconian Ice Elementalist on Aug 18, 2020.
             Was an Elder of Nemelex Xobeh.
             Blew themself up (51 damage)
             ... with an orb of destruction
             ... on level 7 of the Dungeon.
             The game lasted 00:30:12 (13255 turns).

Ge0ff the Arsonist (DrIE)                          Turns: 13255, Time: 00:30:13

Health: -24/86     AC: 12    Str: 12    XL:     11   Next: 37%
Magic:  11/19      EV: 13    Int: 18    God:    Nemelex Xobeh [****..]
Gold:   581        SH:  5    Dex: 11    Spells: 12/21 levels left

rFire    + . .     SeeInvis .   a - +5 hunting sling (vorpal)
rCold    . . .     Faith    .   (no shield)
rNeg     . . .     Spirit   .   (armour unavailable)
rPois    .         Reflect  +   (helmet restricted)
rElec    .         Harm     .   R - +0 cloak
rCorr    .                      U - +0 pair of gloves
MR       .....                  w - +2 pair of boots
Stlth    ++........             Z - amulet of reflection
HPRegen  0.24/turn              H - ring of wizardry
MPRegen  0.16/turn              (no ring)

@: very slightly contaminated
A: breathe fire, unfitting armour, fire resistance 1, cold-blooded, AC +7
a: Breathe Fire, Draw Escape, Draw Destruction, Draw Summoning, Triple Draw,
Deal Four, Renounce Religion


You were on level 7 of the Dungeon.
You worshipped Nemelex Xobeh.
Nemelex Xobeh was greatly pleased with you.
You visited 2 branches of the dungeon, and saw 12 of its levels.

You collected 581 gold pieces.

Inventory:

Hand Weapons
 a - a +5 vorpal hunting sling (weapon)
 b - a +0 dagger of venom
 x - a +2 short sword of flaming
 A - a +3 morningstar
 G - a +3 dagger
 I - a +1 quarterstaff of draining
Missiles
 d - 286 stones (quivered)
 D - 30 poisoned darts
 O - 18 sling bullets
 Q - 11 boomerangs
Armour
 w - a +2 pair of boots (worn)
 R - a +0 cloak (worn)
 U - a +0 pair of gloves (worn)
Jewellery
 H - a ring of wizardry (left hand)
 Z - an amulet of reflection (around neck)
Wands
 f - a wand of flame (27)
 j - a wand of acid (14)
 k - a wand of iceblast (6)
 p - a wand of paralysis (18)
 P - a wand of polymorph (11)
Scrolls
 i - 2 scrolls of identify
 m - a scroll of magic mapping
 y - a scroll of immolation
 B - a scroll of blinking
 C - 5 scrolls of remove curse
 E - 3 scrolls of fear
 F - 2 scrolls of fog
 N - 4 scrolls of amnesia
 S - 2 scrolls of enchant armour
 T - 4 scrolls of teleportation
 V - 2 scrolls of vulnerability
Potions
 g - a potion of might {unknown}
 u - a potion of invisibility {unknown}
 v - a potion of magic {unknown}
 z - 4 potions of brilliance
 J - 3 potions of haste {unknown}
 K - a potion of resistance {unknown}
 L - 2 potions of lignification
 M - a potion of berserk rage {unknown}
 W - 4 potions of heal wounds {!q}
 X - a potion of flight {unknown}
 Y - 2 potions of stabbing


   Skills:
 - Level 5.0 Fighting
 + Level 5.8 Slings
 - Level 3.0 Dodging
 - Level 2.0 Stealth
 + Level 5.9 Spellcasting
 * Level 6.8 Conjurations
 * Level 8.2 Fire Magic
 + Level 8.0 Ice Magic
 + Level 6.2 Invocations
 + Level 3.2 Evocations


You had 12 spell levels left.
You knew the following spells:

 Your Spells              Type           Power        Failure   Level
j - Fireball              Conj/Fire      ####......   6%          5
k - Freeze                Ice            ####         1%          1
m - Frozen Ramparts       Ice            ####..       1%          3

Your spell library contained the following spells:

 Spells                   Type           Power        Failure   Level
 Foxfire                  Conj/Fire      ####         1%          1
 Magic Dart               Conj           ####         1%          1
 Searing Ray              Conj           ####..       1%          2
 Conjure Flame            Conj/Fire      ####....     1%          3
 Ozocubu's Armour         Ice            ####....     1%          3
 Inner Flame              Hex/Fire       ###.....     2%          3
 Hailstorm                Conj/Ice       ####....     2%          4
 Sticky Flame             Conj/Fire      ####....     2%          4
 Dazzling Flash           Conj/Hex       ###...       3%          3
 Stone Arrow              Conj/Erth      ###...       3%          3
 Sandblast                Erth           #.....       4%          1
 Passwall                 Tmut/Erth      #.......     8%          2
 Summon Ice Beast         Ice/Summ       ###.....     9%          4
 Iskenderun's Battlesphe  Conj           ####....     9%          5
 Fulminant Prism          Conj/Hex       ###.......   12%         4
 Iskenderun's Mystic Bla  Conj/Tloc      ###.....     12%         4
 Bolt of Magma            Conj/Fire/Erth ###.......   16%         5
 Petrify                  Tmut/Erth      #.......     43%         4
 Lee's Rapid Deconstruct  Erth           #.........   77%         5
 Iron Shot                Conj/Erth      ###.......   85%         6
 Orb of Destruction       Conj           ####......   91%         7
 Spellforged Servitor     Conj/Summ      ###.......   100%        7


Dungeon Overview and Level Annotations

Branches:
Dungeon (11/15)            Temple (1/1) D:7            Lair (0/6) D:9
    Orc: D:9-12

Altars:
Ashenzari
Dithmenos
Fedhas
Hepliaklqana
Makhleb
Nemelex Xobeh
Qazlal
Ru
Sif Muna
Uskayaw
Vehumet
Wu Jian
Xom
Yredelemnul
Zin
The Shining One

Portals:
Trove: D:11 (lose all piety)

Annotations:
D:7 Askman's ghost, novice DsWn


Innate Abilities, Weirdness & Mutations

You can breathe blasts of fire.
Your fiery red scales are hard. (AC +7)
You cannot fit into any form of body armour.
Your flesh is heat resistant. (rF+)
You are cold-blooded and may be slowed by cold attacks.


Message History

You have dealt the Orb.
Press: ? - help, Shift-Dir - straight line, f - Askman's ghost
Aim: Askman's ghost (dazed)
The wavering orb of destruction weakly hits Askman's ghost!!
Askman's ghost is heavily damaged.
You deal a card...
You have dealt Degeneration.
Askman's ghost is dazed by the mutagenic energy.
Askman's ghost hits you!
Your orb of destruction hits a translucent stone wall.
Use which ability? (? or * to list)
You draw a card...
You have drawn the Tomb.
Walls emerge from the floor!
Askman's ghost hits you!
Press: ? - help, Dir - move target cursor, p - Askman's ghost You are very lightly contaminated with residual magic.
As you read the scroll of blinking, it crumbles to dust.
The walls disappear prematurely!
The orb of destruction hits you!!!
Ouch! That really hurt!
You die...
Your body glows with a rainbow of weird colours and disappears.

........[[...........°...........
........................#........
............)...○°....W§#........
...............°........#........
...............○.....)...........
...............○.........°...####
...............○.........○...#
...............○...##'##.°...#
................@..#._$#.○...#
....######'##########.##*....#
....#.............# ####.....#
....#.............# #.....#
....'.............# #.....#
....#.............# #.....#
....#.............# #.....#
....#.............# #.....#
....#.............# #.....#


You could see Askman's ghost (dazed).

Vanquished Creatures
  2 two-headed ogres
  A dancing weapon (D:7)
  The ghost of drasked the Jinx, a novice DECj of Vehumet (D:8)
  An unseen horror (D:10)
  2 hornets
  3 yaks (D:9)
  A vampire (D:11)
  2 wyverns
  A basilisk (D:9)
  A steam dragon (D:10)
  An acid dragon (D:7)
  A water moccasin (D:9)
  3 porcupines (D:9)
  4 ice beasts
  2 black bears
  3 phantoms
  6 orc warriors
  4 ogres
  2 centaurs
  3 crocodiles (D:9)
  5 bullfrogs
  A big kobold (D:11)
  2 scorpions
  2 water moccasin skeletons
  8 killer bees (D:10)
  16 wights
  4 howler monkeys
  A crimson imp (D:8)
  4 bullfrog zombies
  A quasit (D:11)
  2 centaur skeletons
  8 hounds
  9 orc priests
  3 jellies
  6 orc wizards
  2 bullfrog skeletons (D:9)
  4 iguanas
  4 worker ants
  A hound zombie (D:8)
  3 hound skeletons (D:4)
  2 howler monkey zombies (D:7)
  A worker ant zombie (D:5)
  13 adders
  A shadow imp (D:6)
  A white imp (D:7)
  2 ufetubi
  2 oozes
  2 worms
  3 dart slugs
  7 leopard geckos
  33 orcs
  7 giant cockroaches
  7 goblins
  4 hobgoblins
  9 jackals
  6 quokkas
  A ball python (D:2)
  10 bats
  A frilled lizard (D:2)
  13 kobolds
  A quokka skeleton (D:5)
  6 rats
  2 fungi (D:9)
  8 plants (D:9)
272 creatures vanquished.

Vanquished Creatures (others)
  A yak (D:9)
  An orc wizard (D:10)
2 creatures vanquished.

Grand Total: 274 creatures vanquished

Notes
Turn   | Place    | Note
-------+----------+-------------------------------------------
     0 | D:1      | Ge0ff the Draconian Ice Elementalist began the quest for
                  | the Orb.
     0 | D:1      | Reached XP level 1. HP: 14/14 MP: 3/3
   333 | D:1      | Reached skill level 1 in Fighting
   549 | D:1      | Reached XP level 2. HP: 23/23 MP: 1/5
  1338 | D:1      | Reached XP level 3. HP: 28/28 MP: 3/6
  1425 | D:1      | Learned a level 3 spell: Frozen Ramparts
  1519 | D:2      | Reached skill level 5 in Ice Magic
  2007 | D:2      | Found a sparkling altar of Nemelex Xobeh.
  2014 | D:2      | Became a worshipper of Nemelex Xobeh the Trickster
  2191 | D:2      | Received a gift from Nemelex Xobeh
  2315 | D:2      | Reached XP level 4. HP: 35/35 MP: 4/7
  2531 | D:2      | Found a glowing golden altar of the Shining One.
  3520 | D:4      | Reached XP level 5. HP: 40/40 MP: 4/8
  3566 | D:4      | Found a hide-covered altar of Uskayaw.
  3588 | D:4      | Reached skill level 1 in Slings
  3684 | D:4      | Reached * piety under Nemelex Xobeh
  3705 | D:4      | Reached XP level 6. HP: 41/47 MP: 6/10
  3771 | D:4      | Noticed a +0 dagger
  3772 | D:4      | Noticed a +0 dagger
  3967 | D:4      | Reached skill level 1 in Invocations
  4142 | D:4      | Received a gift from Nemelex Xobeh
  4156 | D:4      | Found a sacrificial altar of Ru.
  4191 | D:4      | Found a shattered altar of Ashenzari.
  4225 | D:5      | Entered Level 5 of the Dungeon
  4400 | D:5      | Noticed a hornet
  4408 | D:5      | Killed a hornet
  4408 | D:5      | Your scales start taking on a fiery red colour.
  4408 | D:5      | Reached XP level 7. HP: 53/53 MP: 8/11
  4408 | D:5      | Gained mutation: Your flesh is heat resistant. (rF+) [Red
                  | Draconian growth]
  4703 | D:5      | Reached ** piety under Nemelex Xobeh
  4793 | D:5      | Found a sparkling altar of Nemelex Xobeh.
  5200 | D:6      | Reached skill level 1 in Evocations
  5397 | D:6      | Reached XP level 8. HP: 56/62 MP: 13/13
  5506 | D:6      | Received a gift from Nemelex Xobeh
  5946 | D:6      | Reached *** piety under Nemelex Xobeh
  6343 | D:6      | Learned a level 5 spell: Fireball
  6802 | D:7      | Found a shimmering blue altar of Sif Muna.
  6845 | D:7      | Received a gift from Nemelex Xobeh
  6863 | D:7      | Found a shadowy altar of Dithmenos.
  6869 | D:7      | Found a blossoming altar of Fedhas.
  6872 | D:7      | Found a basalt altar of Yredelemnul.
  6875 | D:7      | Found a hazy altar of Hepliaklqana.
  6881 | D:7      | Reached skill level 1 in Conjurations
  6881 | D:7      | Reached skill level 1 in Fire Magic
  7201 | D:7      | Found a runed translucent door.
  7343 | D:7      | Found a staircase to the Ecumenical Temple.
  7354 | Temple   | Entered the Ecumenical Temple
  7400 | D:7      | Reached XP level 9. HP: 71/71 MP: 15/15
  7609 | D:7      | Found a shimmering altar of Xom.
  7609 | D:7      | Noticed Askman's ghost (novice DsWn)
  7610 | D:7      | Noticed a +1 flail of chaos
  8149 | D:8      | Found a burning altar of Makhleb.
  8167 | D:8      | Found a radiant altar of Vehumet.
  8206 | D:8      | Received a gift from Nemelex Xobeh
  8347 | D:8      | Reached **** piety under Nemelex Xobeh
  8387 | D:8      | Found a runed translucent gate.
  8388 | D:8      | Found a runed translucent gate.
  8395 | D:8      | Found a runed translucent gate.
  8395 | D:8      | Noticed drasked's ghost (novice DECj)
  8523 | D:8      | Killed drasked's ghost
  8801 | D:8      | Noticed a two-headed ogre
  8810 | D:8      | Killed a two-headed ogre
  8810 | D:8      | Reached skill level 5 in Fire Magic
  8810 | D:8      | Reached XP level 10. HP: 80/80 MP: 14/17
  9145 | D:9      | Found a staircase to the Lair.
  9147 | D:9      | Reached skill level 5 in Spellcasting
  9147 | D:9      | Reached skill level 5 in Fighting
  9147 | D:9      | Reached skill level 5 in Invocations
  9151 | D:9      | Reached skill level 5 in Slings
  9151 | D:9      | Reached skill level 5 in Conjurations
  9560 | D:9      | Received a gift from Nemelex Xobeh
  9980 | D:9      | Noticed a two-headed ogre
  9993 | D:9      | Killed a two-headed ogre
 10740 | D:9      | Found a glowing silver altar of Zin.
 10817 | D:10     | Entered Level 10 of the Dungeon
 10864 | D:10     | Killed an unseen horror
 10864 | D:10     | Reached XP level 11. HP: 76/86 MP: 12/19
 11609 | D:10     | Reached ***** piety under Nemelex Xobeh
 11981 | D:10     | Received a gift from Nemelex Xobeh
 12767 | D:11     | Received a gift from Nemelex Xobeh
 13010 | D:11     | Found a portal to a secret trove of treasure.
 13251 | D:7      | Killed a +1 flail of chaos
 13255 | D:7      | Blew themself up

Illustrated notes

Levels and vault maps discovered:
D:1:      scummos_arrival_gate, layout_basic, feat_on_display
D:2:      layout_loops_ring, lemuel_coloured_pillars_altar,
          nemelex_diamond_rough_becter
D:3:      layout_loops_ring
D:4:      black_bear_nest_1, layout_rooms, minitemple, dancing_weapons_uskayaw
D:5:      layout_loops_ring, nemelex_xobeh_ov_fountains_minmay
D:6:      layout_layer_cave
D:7:      layout_gridville, lemuel_round_altar,
          grunt_temple_overflow_cloverleaf, minmay_temple_entry_trees,
          ebering_ghost_xom
D:8:      layout_cave_pods, grunt_temple_overflow_lords_of_destruction,
          gammafunk_ghost_split
D:9:      layout_irregular_city, zin_statuary, minmay_lair_entry_grove
D:10:     layout_grid_maze, minmay_door_square
D:11:     layout_irregular_city, enter_trove_1, minivault_11
Temple:   compressed_dpeg_triangle_lava_temple

Skill      XL: |  1  2  3  4  5  6  7  8  9 10 11 |
---------------+----------------------------------+-----
Fighting       | 1 2 3 4 5 |  5.0
Ice Magic      | 5 6 6 7 8 |  8.0
Stealth        | 2 |  2.0
Slings         | 1 2 3 4 5 |  5.8
Dodging        | 2 3 |  3.0
Spellcasting   | 3 4 5 |  5.9
Invocations    | 3 4 5 6 |  6.2
Evocations     | 1 3 |  3.2
Conjurations   | 1 4 6 |  6.8
Fire Magic     | 2 5 7 8 |  8.2

Action                   |  1- 3 |  4- 6 |  7- 9 | 10-12 || total
-------------------------+-------+-------+-------+-------++-------
Melee: Dagger            |    19 |     7 |       |       ||    26
       Tailslap          |     2 |     1 |       |       ||     3
 Fire: Hunting sling     |       |    62 |   269 |   230 ||   561
Throw: Stone             |    83 |    17 |       |       ||   100
       Dart              |       |       |     1 |       ||     1
 Cast: Freeze            |    57 |     7 |    12 |    28 ||   104
       Frozen Ramparts   |       |    12 |    24 |    22 ||    58
       Fireball          |       |       |       |     7 ||     7
Invok: Draw Destruction  |       |       |     6 |     7 ||    13
       Draw Escape       |       |       |       |     3 ||     3
       Deal Four         |       |       |       |     6 ||     6
 Abil: Breathe Fire      |       |       |    10 |     6 ||    16
  Use: Scroll            |       |     9 |     8 |     6 ||    23
 Stab: Sleeping          |     2 |     3 |       |       ||     5
Armor: Skin              |    14 |     1 |    29 |    39 ||    83
Dodge: Dodged            |    44 |    15 |    42 |    77 ||   178
Block: Other             |       |     7 |    29 |    22 ||    58
       Reflection        |       |       |     1 |     2 ||     3

Table legend: (Time is in decaauts)
 A = Elapsed time spent in this place.
 B = Non-inter-level travel time spent in this place.
 C = Inter-level travel time spent in this place.
 D = Time resting spent in this place.
 E = Time spent auto-exploring this place.
 F = Levels seen in this place.
 G = Mean time per level.
                   A        B        C        D        E       F      G
               +--------+--------+--------+--------+--------+-----+--------+
         Total |  13274 |  12763 |    511 |    132 |  10188 |  12 | 1106.2 |
       Dungeon |  13272 |  12761 |    511 |    132 |  10188 |  11 | 1206.5 |
        Temple |      1 |      1 |      0 |      0 |      0 |   1 |    1.0 |
               +--------+--------+--------+--------+--------+-----+--------+

Top non-repeatable levels by time:
    D:10: 1866 daAuts
     D:9: 1653 daAuts
     D:6: 1592 daAuts
     D:1: 1522 daAuts
     D:8: 1284 daAuts
     D:2: 1257 daAuts
     D:7: 1149 daAuts
     D:5: 1012 daAuts
     D:4: 746 daAuts
     D:3: 720 daAuts
    D:11: 469 daAuts
  Temple: 1 daAuts
